 Dungeon Crawl Stone Soup version 0.30-a0-718-geaa24f58ff (console) character file.

Game seed: 15914618065694777295

65711 jejorda2 the Impaler (level 15, -7/184 HPs)
             Began as a Merfolk Berserker on Jan 24, 2023.
             Was a High Priest of Trog.
             Mangled by a cyan ugly thing (15 damage)
             ... on level 14 of the Dungeon on Jan 25, 2023.
             The game lasted 00:48:27 (19424 turns).

jejorda2 the Impaler (Merfolk Berserker)           Turns: 19424, Time: 00:48:28

Health: -7/184     AC: 22    Str: 24    XL:     15   Next: 17%
Magic:  15/15      EV: 20    Int:  7    God:    Trog [*****.]
Gold:   1899       SH:  5    Dex: 20    Spells: 14/14 levels left

rFire   . . .      SeeInvis .    a - +1 glaive
rCold   + . .      Faith    .    (shield currently unavailable)
rNeg    . . .      Spirit   .    H - +4 ring mail of the Bellicose God {rPois}
rPois   +          Reflect  +    r - +0 helmet
rElec   .          Harm     .    p - +2 cloak
rCorr   .          Rampage  .    n - +2 pair of gloves
Will    +....                    (no boots) Stlth
                                 S - amulet of reflection
HPRegen 0.50/turn                E - +4 ring of protection
MPRegen 0.14/turn                K - ring "Fedghesk" {rC+ Dex+6 Slay+5}

@: berserking (expiring), very quick
A: (nimble swimmer 2), mertail
a: Renounce Religion, Berserk, Trog's Hand, Brothers in Arms


You were on level 14 of the Dungeon.
You worshipped Trog.
Trog was extremely pleased with you.
You visited 2 branches of the dungeon, and saw 19 of its levels.

You collected 1945 gold pieces.
You spent 46 gold pieces at shops.

Inventory:

Hand Weapons
 a - a +1 glaive (weapon)
 b - a +4 trident of flaming
Missiles
 h - 123 stones
 o - 30 poisoned darts
 v - 6 boomerangs (quivered)
 w - a curare-tipped dart
 y - 4 throwing nets
 G - 4 datura-tipped darts
 N - 7 javelins
Armour
 n - a +2 pair of gloves (worn)
 p - a +2 cloak (worn)
 r - a +0 helmet (worn)
 H - the +4 ring mail of the Bellicose God (worn) {rPois}
   (You found it on level 2 of the Lair of Beasts)

   rPois:     It protects you from poison.
Jewellery
 k - a ring of flight
 t - a ring of protection from fire
 E - a +4 ring of protection (left hand)
 K - the ring "Fedghesk" (right hand) {rC+ Dex+6 Slay+5}
   (You found it on level 10 of the Dungeon)

   [ring of dexterity]

   Dex:       It affects your dexterity (+6).
   Slay:      It affects your accuracy & damage with ranged weapons and melee
   (+5).
   rC:        It protects you from cold.
 R - the ring "Xakeqid" {rC+++ rCorr MP+9 Int-3 Stlth+}
   (You found it on level 11 of the Dungeon)

   [ring of magical power]

   Int:       It affects your intelligence (-3).
   rC:        It renders you almost immune to cold.
   MP:        It affects your magic capacity (+9).
   rCorr:     It protects you from acid and corrosion.
   Stlth:     It makes you more stealthy.
 S - an amulet of reflection (around neck)
Wands
 g - a wand of acid (17)
 C - a wand of mindburst (15)
 D - a wand of flame (21)
 M - a wand of roots (1)
 T - a wand of digging (3)
Scrolls
 f - 5 scrolls of teleportation
 l - 2 scrolls of blinking
 q - 5 scrolls of enchant weapon
 x - 5 scrolls of magic mapping
 A - 2 scrolls of immolation
 B - 5 scrolls of identify
 F - a scroll of fog
 J - a scroll of brand weapon
 O - a scroll of enchant armour
 P - 3 scrolls of fear
Potions
 c - 3 potions of cancellation
 d - 4 potions of haste
 e - 5 potions of lignification
 i - 5 potions of mutation
 j - 5 potions of berserk rage
 m - 4 potions of attraction
 s - 2 potions of heal wounds
 u - a potion of flight
 z - 11 potions of curing
 I - 2 potions of invisibility
 L - a potion of ambrosia
 Q - a potion of might


   Skills:
 + Level 13.0 Fighting
 - Level 20.0 Polearms
 * Level 13.6 Throwing
 - Level 6.0 Armour
 + Level 13.3 Dodging


You had 14 spell levels left.
You didn't know any spells.
Your spell library was empty.

Dungeon Overview and Level Annotations

Branches:
Dungeon (14/15)            Temple (0/1) D:5            Lair (5/5) D:10
  Swamp (0/4) Lair:2        Snake (0/4) Lair:3        Slime (0/5) Lair:4
    Orc (0/2) D:10
 Vaults: D:13-14

Altars:
Cheibriados
Elyvilon
Nemelex Xobeh
Qazlal
Ru
Sif Muna
Trog
Uskayaw
Vehumet
Wu Jian
The Shining One
Jiyva

Shops:
D:10 [(


Innate Abilities, Weirdness & Mutations

((You are very nimble when in or above water. (Stealth+, EV+, Speed+++)))
Your lower body shifts to a powerful aquatic tail in water.


Message History

The floor, spattered with blood.
Unknown command.
Unknown command.
You closely miss the deep elf pyromancer.
The white ugly thing misses you.
Unknown command.
You slash the deep elf pyromancer!
The deep elf pyromancer is moderately wounded.
The fire elemental hits you.
The white ugly thing basks in the mutagenic energy from its kin and changes!
The deep elf pyromancer hits you but does no damage.
You block the brown ugly thing's attack.
You slice the deep elf pyromancer!!
You kill the deep elf pyromancer!
Trog accepts your kill.
Trog appreciates your killing of a magic user.
The fire elemental disappears in a puff of smoke!
You slice the brown ugly thing!!
You kill the brown ugly thing!
Trog accepts your kill. The white ugly thing headbutts you.
* * * LOW HITPOINT WARNING * * *
The white ugly thing freezes you! You resist.
* * * LOW HITPOINT WARNING * * *
The boulder beetle leaps!
You slice the white ugly thing like a ripe choko!!!
The white ugly thing is almost dead.
You barely miss the white ugly thing.
The white ugly thing is almost dead.
The white ugly thing closely misses you.
You slice the white ugly thing!!
You kill the white ugly thing!
Trog accepts your kill.
Your Fighting skill increases to level 13!
You slice the cyan ugly thing!!
The cyan ugly thing is moderately wounded.
The cyan ugly thing gores you.
* * * LOW HITPOINT WARNING * * *
The cyan ugly thing shocks you!
You die...

..#..######.......#
..........#...#[..#
..........#...#...#
.....###..#...#...#
###.....#.############
........#.# #..§.....#
.....####.###..§§....#
..#### #.#..#.§))..#
..# #.#(..#.@uH#.. ..#
#.#....#)R#B.... ..#
#.......##☼p.... ###
#......B# .C....
#.#....#.☼#.....
#.#...#☼...#....
#.#..#......#..#
#.###....... ##B #.#
........


You could see a death knight, 3 boulder beetles, a cyan ugly thing, a manticore,
a cyclops and an efreet.

Vanquished Creatures
  Azrael (D:13)
  7 hydras
  The ghost of jejorda2 the Impaler, a journeyman MfBe of Trog (D:10)
  A catoblepas (Lair:4)
  4 centaur warriors
  3 boulder beetles
  3 two-headed ogres
  A tengu warrior (D:14)
  A death yak (Lair:4)
  Urug (Lair:4)
  2 goliath frogs (Lair:5)
  A wizard (D:14)
  A lindwurm (Lair:3)
  A deep elf pyromancer (D:14)
  An oklob plant (Lair:4)
  4 ugly things
  A manticore (D:12)
  2 cyclopes (D:14)
  7 black mambas
  10 elephants (Lair:5)
  A cane toad (shapeshifter) (D:14)
  20 cane toads
  Maggie (Lair:1)
  An unseen horror (D:12)
  A rime drake (Lair:4)
  9 komodo dragons
  2 polar bears (Lair:4)
  6 meliai
  5 trolls
  The ghost of KennySheep the Cudgeller, an amateur MeMo (D:3)
  2 tyrant leeches
  30 blink frogs
  3 slime creatures (D:9)
  Eustachio (D:6)
  2 vampires (D:12)
  3 wyverns
  4 wraiths
  A shadow (D:12)
  68 yaks
  A neqoxec (D:10)
  4 fire elementals (D:13)
  5 basilisks
  9 vampire mosquitoes
  4 acid dragons
  17 water moccasins
  Duvessa (D:5)
  A hell hound (D:13)
  3 orc warriors
  2 sky beasts
  3 ogres
  2 black bears
  6 centaurs
  2 kobold brigands
  14 bullfrogs
  3 gnoll sergeants
  A scorpion (D:5)
  A necrophage (D:4)
  20 wights
  Dowan (D:5)
  6 killer bees (D:10)
  5 howler monkeys
  6 electric eels
  4 quasits (D:10)
  3 jellies
  5 hounds
  5 orc priests
  A gnoll bouda (D:8)
  6 orc wizards
  10 iguanas
  26 gnolls
  9 adders
  A shadow imp (D:6)
  An ufetubus (D:5)
  4 dart slugs
  26 orcs
  5 ball pythons
  11 endoplasms
  3 giant cockroaches
  3 goblins
  4 hobgoblins
  9 jackals
  4 quokkas
  7 bats
  2 frilled lizards
  20 kobolds
  5 rats
505 creatures vanquished.

Vanquished Creatures (collateral kills)
  A cane toad (Lair:1)
  A neqoxec (D:10)
2 creatures vanquished.

Vanquished Creatures (others)
  18 fungi
  58 plants
76 creatures vanquished.

Grand Total: 583 creatures vanquished

Notes
Turn   | Place    | Note
-------+----------+-------------------------------------------
     0 | D:1      | jejorda2 the Merfolk Berserker began the quest for the Orb.
     0 | D:1      | Reached XP level 1. HP: 18/18 MP: 1/1
   346 | D:1      | Reached XP level 2. HP: 24/24 MP: 2/2
   887 | D:2      | Reached XP level 3. HP: 29/29 MP: 3/3
  1073 | D:2      | Reached skill level 5 in Polearms
  1208 | D:2      | Noticed an eye of devastation
  1211 | D:2      | Found a faded altar of an unknown god.
  1218 | D:2      | Noticed a golden eye
  1499 | D:2      | Noticed a great orb of eyes
  1668 | D:2      | Noticed an eye of devastation
  1847 | D:3      | Reached XP level 4. HP: 37/37 MP: 4/4
  1923 | D:3      | Noticed an ogre
  1932 | D:3      | Killed an ogre
  1933 | D:3      | Reached skill level 6 in Polearms
  1933 | D:3      | Reached XP level 5. HP: 42/42 MP: 5/5
  2198 | D:3      | Reached ** piety under Trog
  2282 | D:3      | Found a runed translucent gate.
  2282 | D:3      | Found a runed translucent gate.
  2283 | D:3      | Noticed KennySheep's ghost (amateur MeMo)
  2284 | D:3      | Found a runed translucent gate.
  2514 | D:3      | Killed KennySheep's ghost
  2515 | D:3      | Reached skill level 5 in Fighting
  2515 | D:3      | Reached skill level 7 in Polearms
  2515 | D:3      | Reached skill level 5 in Dodging
  2515 | D:3      | Reached XP level 6. HP: 51/51 MP: 6/6
  2518 | D:3      | Reached XP level 7. HP: 56/56 MP: 7/7
  2807 | D:4      | Reached skill level 8 in Polearms
  2934 | D:4      | Found a sacrificial altar of Ru.
  3610 | D:5      | Entered Level 5 of the Dungeon
  3635 | D:5      | Reached skill level 9 in Polearms
  3667 | D:5      | Reached XP level 8. HP: 56/64 MP: 8/8
  3747 | D:5      | Noticed Duvessa
  3747 | D:5      | Noticed Dowan
  3759 | D:5      | Killed Dowan
  3759 | D:5      | Reached *** piety under Trog
  3770 | D:5      | Killed Duvessa
  3771 | D:5      | Reached skill level 10 in Polearms
  4238 | D:5      | Found a stormy altar of Qazlal.
  4294 | D:5      | Reached skill level 11 in Polearms
  4356 | D:5      | Found a hide-covered altar of Uskayaw.
  4516 | D:5      | Found an ornate altar of the Wu Jian Council.
  4573 | D:5      | Found a staircase to the Ecumenical Temple.
  4769 | D:6      | Noticed Eustachio
  4802 | D:6      | Killed Eustachio
  4867 | D:6      | Found a shimmering blue altar of Sif Muna.
  4899 | D:6      | Reached skill level 12 in Polearms
  4899 | D:6      | Reached XP level 9. HP: 69/69 MP: 9/9
  4942 | D:6      | Found a bloodstained altar of Trog.
  5047 | D:6      | Found a radiant altar of Vehumet.
  5146 | D:6      | Reached skill level 13 in Polearms
  5348 | D:6      | Found a glowing golden altar of the Shining One.
  6076 | D:7      | Reached **** piety under Trog
  6652 | D:8      | Reached skill level 14 in Polearms
  6744 | D:8      | Noticed a two-headed ogre
  6757 | D:8      | Killed a two-headed ogre
  6758 | D:8      | Reached XP level 10. HP: 51/77 MP: 10/10
  7195 | D:8      | Reached skill level 15 in Polearms
  7597 | D:8      | Upgraded the game from 0.30-a0-715-gdb4ae3ece1 to
                  | 0.30-a0-718-geaa24f58ff
  7716 | D:8      | Reached skill level 5 in Armour
  7804 | D:9      | Found a white marble altar of Elyvilon.
  8034 | D:9      | Found a snail-covered altar of Cheibriados.
  8041 | D:9      | Noticed a two-headed ogre
  8048 | D:9      | Killed a two-headed ogre
  8207 | D:9      | Reached ***** piety under Trog
  8219 | D:9      | Reached XP level 11. HP: 86/87 MP: 11/11
  8236 | D:9      | Reached skill level 16 in Polearms
  8284 | D:9      | Found a sparkling altar of Nemelex Xobeh.
  8947 | D:10     | Entered Level 10 of the Dungeon
  9312 | D:10     | Found Fyssaf's Weapon Shoppe.
  9312 | D:10     | Found a staircase to the Orcish Mines.
  9424 | D:10     | Found Iwilah's Armour Shoppe.
  9434 | D:10     | Bought 4 datura-tipped darts for 46 gold pieces
  9495 | D:10     | Found a transporter.
  9500 | D:10     | Noticed jejorda2's ghost (journeyman MfBe)
  9620 | D:10     | Reached skill level 1 in Throwing
  9723 | D:10     | Found a transporter.
  9761 | D:10     | Found a staircase to the Lair.
 10142 | D:10     | Reached skill level 10 in Fighting
 10152 | D:10     | Reached skill level 17 in Polearms
 10406 | D:10     | Killed jejorda2's ghost
 10407 | D:10     | Identified the ring "Fedghesk" {rC+ Dex+6 Slay+5}
 10470 | Lair:1   | Entered Level 1 of the Lair of Beasts
 10743 | Lair:1   | Reached XP level 12. HP: 99/99 MP: 12/12
 11009 | Lair:1   | Noticed a seven-headed hydra
 11026 | Lair:1   | Reached skill level 5 in Throwing
 11038 | Lair:1   | Killed a seven-headed hydra
 11303 | Lair:1   | Noticed Maggie
 11318 | Lair:1   | Killed Maggie
 11319 | Lair:1   | Reached skill level 18 in Polearms
 11777 | Lair:2   | Identified the +1 leather armour of the Bulwark {rN+ rCorr
                  | Int+4 Slay-3}
 12128 | Lair:2   | Identified a scroll of acquirement
 12128 | Lair:2   | Acquired 318 gold pieces
 12138 | Lair:2   | Found a staircase to the Swamp.
 12647 | Lair:2   | Identified the +4 ring mail of the Bellicose God {rPois}
 12905 | Lair:3   | Noticed a five-headed hydra
 12912 | Lair:3   | Killed a five-headed hydra
 12913 | Lair:3   | Reached skill level 19 in Polearms
 13127 | Lair:3   | Reached XP level 13. HP: 108/108 MP: 13/13
 13163 | Lair:3   | Reached skill level 20 in Polearms
 13331 | Lair:3   | Found a staircase to the Snake Pit.
 14090 | Lair:4   | Identified the +2 leather armour "Qoelal" {rC+ SInv}
 14119 | Lair:4   | Noticed Urug
 14131 | Lair:4   | Killed Urug
 14245 | Lair:4   | Found a staircase to the Slime Pits.
 14246 | Lair:4   | Found a viscous altar of Jiyva.
 15215 | Lair:5   | Entered Level 5 of the Lair of Beasts
 15259 | Lair:4   | Reached skill level 10 in Dodging
 15867 | Lair:5   | Reached XP level 14. HP: 115/115 MP: 14/14
 15952 | Lair:5   | Reached skill level 10 in Throwing
 16078 | Lair:5   | Found the +8 Vampire's Tooth {megavamp}
 16233 | Lair:5   | Received a gift from Trog
 17158 | D:11     | Identified the ring "Xakeqid" {rC+++ rCorr MP+9 Int-3
                  | Stlth+}
 18731 | D:13     | Noticed Azrael
 18751 | D:13     | Killed Azrael
 19364 | D:14     | Reached XP level 15. HP: 122/122 MP: 15/15
 19424 | D:14     | HP: 8/184 [cyan ugly thing (3)]
 19424 | D:14     | Mangled by a cyan ugly thing

Illustrated notes

Levels and vault maps discovered:
D:1:      nzn_arrival_crosshair, layout_loops_corners
D:2:      kennysheep_big_flooded_room, layout_basic,
          hellmonk_ecumenical_altar_watching_god, serial_bayou_pond_d
D:3:      layout_basic, gammafunk_ghost_split
D:4:      layout_basic, hangedman_ru_absence
D:5:      layout_loops_cross, lemuel_round_altar,
          nicolae_wu_jian_immortal_techniques, mainiacjoe_overflow_alcove_2,
          temple_statues, uniq_duvessa
D:6:      layout_loops_ring, nzn_overflow_gifts_of_might_and_magic,
          vehumet_altar_wand_db, tso_altar, uniq_eustachio
D:7:      layout_basic
D:8:      black_bear_nest_1, layout_loops_ring, serial_glass, glass_columns_a,
          glass_columns_a, glass_columns_b, glass_columns_a, glass_columns_c,
          glass_columns_a, glass_columns_b, glass_columns_a, glass_columns_b,
          glass_columns_a, glass_columns_a, glass_columns_c, glass_columns_c,
          glass_columns_a, minmay_crystal_room
D:9:      layout_loops_corners, elyvilon_altar_1, nemelex_diamond_rough_becter,
          mainiacjoe_overflow_catwalk
D:10:     layout_irregular_city, lair_entry_dummy, orc_david_3,
          gammafunk_ghost_stat_death, grunt_ministairs_13
D:11:     layout_big_octagon
D:12:     layout_irregular_city
D:13:     layout_cave_pools, uniq_azrael
D:14:     minmay_big_diamond_grid, layout_grid_maze, serial_shops,
          nicolae_shop_window_shopping, kennysheep_kite_vault
Lair:1:   layout_gridlike, minivault_27, uniq_maggie
Lair:2:   layout_small_grid, minmay_swamp_entry_eels
Lair:3:   layout_long_grid, minmay_snake_entry_six_corridors, grunt_megastairs_3
Lair:4:   layout_loops_ring, nicolae_slime_entry_slimehenge, st_stairs_10,
          nicolae_lair_yak_garden, serial_bayou_shore_b, grunt_megastairs_1,
          uniq_urug
Lair:5:   minmay_lair_end_frog_pond, layout_hall_layers

Skill      XL: |  1  2  3  4  5  6  7  8  9 10 11 12 13 14 15 |
---------------+----------------------------------------------+-----
Dodging        | 3 4 5 6 11 12 13 | 13.3
Polearms       | 5 6 7 9 12 14 15 17 19 20 | 20.0
Fighting       | 4 5 6 8 10 12 13 | 13.0
Armour         | 2 4 6 |  6.0
Throwing       | 4 6 9 13 | 13.6

Action                     |  1- 3 |  4- 6 |  7- 9 | 10-12 | 13-15 || total
---------------------------+-------+-------+-------+-------+-------++-------
  Melee: Spear             |    85 |       |       |       |       ||    85
         Trident           |    38 |    55 |   164 |     8 |    24 ||   289
         Punch             |       |     2 |     4 |       |     1 ||     7
         Halberd           |       |       |   192 |   628 |   360 ||  1180
         Glaive            |       |       |       |       |   329 ||   329
         Tailslap          |       |       |       |       |     1 ||     1
  Throw: Dart              |       |     4 |     7 |    16 |    43 ||    70
         Boomerang         |       |       |       |     5 |    12 ||    17
         Stone             |       |       |       |       |    32 ||    32
 Invoke: Berserk           |     1 |     3 |     6 |    10 |    12 ||    32
         Trog's Hand       |       |       |     2 |     7 |     4 ||    13
         Brothers in Arms  |       |       |       |     2 |       ||     2
    Use: Scroll            |       |       |    18 |     8 |     6 ||    32
         Potion            |       |       |       |       |     1 ||     1
   Stab: Petrified         |       |       |       |       |     4 ||     4
         Petrifying        |       |       |       |       |     2 ||     2
 Armour: Ring mail         |    40 |    21 |    32 |    10 |   211 ||   314
         Chain mail        |       |       |    73 |       |       ||    73
         Scale mail        |       |       |    25 |       |       ||    25
         Plate armour      |       |       |     2 |   244 |       ||   246
  Dodge: Dodged            |    87 |    25 |   169 |   153 |   384 ||   818
  Block: Other             |       |       |       |       |    34 ||    34
         Reflection        |       |       |       |       |     3 ||     3

Table legend: (Time is in decaauts)
 A = Elapsed time spent in this place.
 B = Non-inter-level travel time spent in this place.
 C = Inter-level travel time spent in this place.
 D = Time resting spent in this place.
 E = Time spent auto-exploring this place.
 F = Levels seen in this place.
 G = Mean time per level.
                   A        B        C        D        E       F      G
               +--------+--------+--------+--------+--------+-----+--------+
         Total |  19160 |  18159 |   1001 |   2581 |  12377 |  19 | 1008.4 |
       Dungeon |  12734 |  11953 |    781 |   1351 |   8551 |  14 |  909.6 |
          Lair |   6426 |   6207 |    219 |   1230 |   3826 |   5 | 1285.2 |
               +--------+--------+--------+--------+--------+-----+--------+

Top non-repeatable levels by time:
    D:10: 1455 daAuts
  Lair:3: 1390 daAuts
  Lair:5: 1357 daAuts
  Lair:4: 1310 daAuts
     D:9: 1288 daAuts
  Lair:1: 1249 daAuts
     D:8: 1140 daAuts
  Lair:2: 1117 daAuts
    D:12: 1094 daAuts
     D:5: 1058 daAuts
     D:6: 969 daAuts
     D:7: 969 daAuts
     D:3: 964 daAuts
     D:2: 952 daAuts
     D:1: 865 daAuts
